 Dungeon Crawl Stone Soup version 0.24-a0-139-geb6712d (webtiles) character file.

Game seed: 7424434477576423017

14198 emperorscorpion the Grappler (level 12, -3/57 HPs)
             Began as a Vine Stalker Fighter on Mar 4, 2019.
             Was a High Priest of Cheibriados.
             Slain by a minotaur
             ... wielding the +9 short sword "Achisust" {pierce, *Corrode rF++ MR+ Dex+2}
              (5 damage)
             ... in a Gauntlet.
             The game lasted 00:22:25 (9179 turns).

emperorscorpion the Grappler (Vine Stalker Fighter) Turns: 9179, Time: 00:22:25

Health: -3/57      AC: 19    Str: 35    XL:     12   Next: 14%
Magic:  0/20       EV: 11    Int: 22    God:    Cheibriados [*****.]
Gold:   512        SH: 14    Dex: 31    Spells: 13/21 levels left

rFire    . . .     SeeInvis +     - Unarmed
rCold    + . .     Gourm    .   b - +0 shield
rNeg     + . .     Faith    .   D - +0 chain mail of Gehenna {rPois rN+ MR+}
rPois    +         Spirit   +   u - +2 helmet {SInv}
rElec    .         Reflect  .   n - +1 cloak
rCorr    .         Harm     .   (no gloves)
MR       ++...     NoTele   +   A - +2 pair of boots
Stlth    ..........             (no amulet)
HPRegen  0.99/turn              L - ring "Qych" {rC+ Stlth-}
MPRegen  0.17/turn              K - +1 ring of evasion

@: very slightly contaminated, very slow
A: fangs 3, regeneration 2, magic shield, antimagic bite, no potion heal 3, rot
immunity
a: Bend Time, Temporal Distortion, Slouch, Step From Time, Renounce Religion


You were in a Gauntlet.
You worshipped Cheibriados.
Cheibriados was extremely pleased with you.
You were not hungry.

You visited 2 branches of the dungeon, and saw 13 of its levels.
You also visited: Gauntlet.

You collected 512 gold pieces.

Inventory:

Missiles
 g - 9 javelins (quivered)
 i - 23 poisoned needles
 s - 8 tomahawks
 C - 4 needles of confusion
Armour
 a - a +0 scale mail
 b - a +0 shield (worn)
 m - a scarf of spirit shield
 n - a +1 cloak (worn)
 u - a +2 helmet of see invisible (worn)
 y - a +2 plate armour of magic resistance
 A - a +2 pair of boots (worn)
 D - the +0 chain mail of Gehenna (worn) {rPois rN+ MR+}
   (You found it on level 6 of the Dungeon)

   It protects you from poison.
   It protects you from negative energy.
   It affects your resistance to hostile enchantments.
 J - the +0 robe of Going Fast {rC+, unknown}
   (You found it in a Gauntlet)

   It protects you from cold.
Jewellery
 j - an uncursed ring of protection from fire
 F - the ring "Soeniph" {*Corrode rPois rC+ Stlth+, unknown}
   (You found it in a Gauntlet)

   [ring of poison resistance]

   It protects you from cold.
   It protects you from poison.
   It may corrode you when you take damage.
   It makes you more stealthy.
 K - a +1 ring of evasion (right hand)
 L - the ring "Qych" (left hand) {rC+ Stlth-}
   (You found it in a Gauntlet)

   [ring of attention]

   It protects you from cold.
   It makes you less stealthy.
Wands
 p - a wand of flame (8)
 t - a wand of iceblast (25)
 v - a wand of enslavement (3)
 z - a wand of disintegration (13)
 H - a wand of digging (7)
Scrolls
 e - 2 scrolls of identify
 h - 4 scrolls of remove curse
 o - 3 scrolls of teleportation
 q - a scroll of magic mapping
 B - 2 scrolls of enchant weapon
Potions
 c - 2 potions of might
 k - 4 potions of curing
 r - 2 potions of agility
 x - 2 potions of flight
 E - 2 potions of invisibility
 G - a potion of brilliance
 I - a potion of mutation {unknown}
 M - a potion of lignification
Miscellaneous
 l - a box of beasts
Comestibles
 d - 28 rations


   Skills:
 + Level 3.6 Fighting
 + Level 0.7 Throwing
 + Level 6.5 Armour
 + Level 2.4 Dodging
 + Level 2.0 Stealth
 + Level 7.4 Shields
 + Level 12.3 Unarmed Combat
 * Level 5.2 Spellcasting
 * Level 3.8 Conjurations
 * Level 4.3 Air Magic
 * Level 4.6 Poison Magic
 - Level 0.3 Evocations


You had 13 spell levels left.
You knew the following spells:

 Your Spells              Type           Power        Failure   Level  Hunger
a - Blink                 Tloc           N/A          83%         2    None
b - Mephitic Cloud        Conj/Pois/Air  ###.....     45%         3    ##.....
r - Regeneration          Chrm/Necr      #.........   96%         3    ##.....

Your spell library contained the following spells:

 Spells                   Type           Power        Failure   Level  Hunger
 Magic Dart               Conj           ###.         21%         1    None
 Poisonous Vapours        Pois/Air       ####..       22%         2    None
 Animate Skeleton         Necr           N/A          69%         1    None
 Apportation              Tloc           #.....       69%         1    None
 Confusing Touch          Hex            #.....       69%         1    None
 Pain                     Necr           #...         69%         1    None
 Summon Small Mammal      Summ           #...         69%         1    None
 Conjure Flame            Conj/Fire      ##......     80%         3    ##.....
 Call Imp                 Summ           #.......     83%         2    None
 Slow                     Hex            #.......     83%         2    None
 Vampiric Draining        Necr           #.........   96%         3    ##.....
 Animate Dead             Necr           N/A          100%        4    ####...
 Freezing Cloud           Conj/Ice/Air   ###.......   100%        6    #######
 Ring of Flames           Chrm/Fire      #.........   100%        7    #######


Dungeon Overview and Level Annotations

Branches:
Dungeon (12/15)            Temple (1/1) D:5             Orc (0/2) D:11
   Lair: D:8-11

Altars:
Ashenzari
Cheibriados
Dithmenos
Elyvilon
Fedhas
Gozag
Hepliaklqana
Kikubaaqudgha
Makhleb
Nemelex Xobeh
Okawaru
Qazlal
Ru
Sif Muna
Trog
Uskayaw
Vehumet
Wu Jian
Xom
Yredelemnul
Zin
The Shining One
Beogh

Portals:
Trove: D:10 (give +5 demon trident)

Annotations:
D:8 3 runed translucent doors, exclusions: 2 electric eels and 3 more exclusions, Wired's ghost, novice GnWz Gauntlet 8 transporters, exclusion: obsidian statue


Innate Abilities, Weirdness & Mutations

You have razor-sharp teeth.
You heal very quickly.
When hurt, damage is shared between your health and your magic reserves.
Your bite disrupts and absorbs the magic of your enemies.
Potions cannot restore your health.
You are immune to rotting.


Message History

Press: ? - help, Shift-Dir - straight line, f - minotaur
Aim: a minotaur, wielding the +9 short sword "Achisust" {pierce, *Corrode rF++ MR+ Dex+2} and wearing a +0 chain mail You miscast Mephitic Cloud.
You are very lightly contaminated with residual magic.
You feel weak for a moment.
You hit the minotaur. You bite the minotaur! You drain its power.
You feel invigorated.
The minotaur is lightly wounded.
The minotaur hits you with the +9 short sword "Achisust" {pierce, *Corrode rF++ MR+ Dex+2}!
You block the minotaur's attack.
Your shield and chain mail of Gehenna prevent you from hitting the minotaur.
You bite the minotaur, but do no damage.
The minotaur is lightly wounded.
The minotaur hits you with the +9 short sword "Achisust" {pierce, *Corrode rF++ MR+ Dex+2}!!
You block the minotaur's attack.
You pummel the minotaur!! Your bite misses the minotaur.
The minotaur is moderately wounded.
The minotaur hits you with the +9 short sword "Achisust" {pierce, *Corrode rF++ MR+ Dex+2}!!
* * * LOW HITPOINT WARNING * * *
You die...

'### ⌠..# ..⌠+ ... .∩ .#
#######H####### #.....@.......#
#.###.###.###.# ...........#
#.###.###.### ###.###.###.###
#.............# #...©.©.©...##
########### #..8.8.8..###########
#≈#§#§#≈#≈####.......####≈#≈#≈#≈#


You could see a minotaur.

Vanquished Creatures
  Erolcha (D:9)
  A two-headed ogre (D:9)
  Urug (D:10)
  3 large abominations (Gauntlet)
  Joseph (D:9)
  A yaktaur (D:10)
  3 trolls
  A hornet (D:9)
  Prince Ribbit (D:9)
  Grinder (D:6)
  A tyrant leech (Gauntlet)
  2 hippogriffs
  7 yaks
  3 hogs (D:11)
  A steam dragon (D:9)
  4 hungry ghosts
  A human (D:11)
  2 swamp worms (Gauntlet)
  An acid dragon (D:12)
  2 sky beasts
  4 orc warriors
  5 black bears
  4 ice beasts
  6 ogres
  2 phantoms
  A necrophage (D:9)
  9 centaurs
  2 wolves (D:8)
  3 small abominations (Gauntlet)
  3 big kobolds
  2 bullfrogs
  4 scorpions
  4 killer bees (D:8)
  11 wights (D:11)
  3 howler monkeys
  A centaur zombie (D:5)
  2 crimson imps
  2 bullfrog zombies (D:5)
  4 hounds
  4 jellies
  17 orc wizards
  A bullfrog skeleton (D:11)
  7 orc priests
  2 centaur skeletons
  3 iguanas
  5 worker ants
  A killer bee zombie (D:5)
  2 hound skeletons
  Robin (D:3)
  3 gnolls (D:6)
  A howler monkey skeleton (D:8)
  14 adders
  2 shadow imps (D:5)
  An ooze (D:1)
  An adder skeleton (D:8)
  4 worms
  2 dart slugs (D:1)
  7 leopard geckos
  47 orcs
  3 ball pythons
  7 bats
  5 giant cockroaches
  15 goblins
  6 hobgoblins
  10 jackals
  7 quokkas
  3 frilled lizards
  23 kobolds
  A leopard gecko skeleton (D:5)
  8 rats
323 creatures vanquished.

Vanquished Creatures (collateral kills)
  A phantom (D:9)
  A wolf (D:8)
  3 hounds (D:8)
  A worker ant (D:8)
  An adder (D:8)
7 creatures vanquished.

Vanquished Creatures (others)
  An orc warrior (D:8)
1 creature vanquished.

Grand Total: 331 creatures vanquished

Notes
Turn   | Place    | Note
-------+----------+-------------------------------------------
     0 | D:1      | emperorscorpion the Vine Stalker Fighter began the quest
                  | for the Orb.
     0 | D:1      | Reached XP level 1. HP: 11/11 MP: 2/2
    93 | D:1      | Reached XP level 2. HP: 14/16 MP: 3/3
   264 | D:1      | Reached XP level 3. HP: 16/20 MP: 4/4
  1231 | D:2      | Gained mutation: Your natural rate of healing is unusually
                  | fast. [Vine Stalker growth]
  1231 | D:2      | Reached XP level 4. HP: 24/24 MP: 5/5
  1339 | D:2      | Reached skill level 3 in Unarmed Combat
  1793 | D:3      | Reached XP level 5. HP: 21/28 MP: 6/6
  1929 | D:3      | HP: 1/28 [orc priest/divine providence (12)]
  2031 | D:3      | Noticed Robin
  2058 | D:3      | Killed Robin
  2229 | D:3      | Reached skill level 4 in Unarmed Combat
  2451 | D:4      | Reached XP level 6. HP: 32/32 MP: 5/7
  2455 | D:4      | Learned a level 2 spell: Blink
  2459 | D:4      | Learned a level 3 spell: Mephitic Cloud
  2789 | D:4      | Found a shattered altar of Ashenzari.
  2812 | D:4      | Reached skill level 5 in Unarmed Combat
  2892 | D:4      | Reached skill level 1 in Dodging
  2892 | D:4      | Reached XP level 7. HP: 34/36 MP: 6/8
  3254 | D:5      | Entered Level 5 of the Dungeon
  3435 | D:5      | Reached skill level 6 in Unarmed Combat
  3454 | D:5      | Gained mutation: You have razor-sharp teeth. [Vine Stalker
                  | growth]
  3454 | D:5      | Reached XP level 8. HP: 10/40 MP: 5/9
  3693 | D:5      | Found a staircase to the Ecumenical Temple.
  3702 | Temple   | Entered the Ecumenical Temple
  3920 | D:5      | Reached skill level 5 in Shields
  3921 | D:5      | Reached skill level 7 in Unarmed Combat
  4321 | D:6      | Reached XP level 9. HP: 41/44 MP: 10/10
  4335 | D:6      | Reached skill level 8 in Unarmed Combat
  4348 | D:6      | Noticed Grinder
  4368 | D:6      | Killed Grinder
  4406 | D:6      | Got a brightly glowing chain mail
  4407 | D:6      | Identified the +0 chain mail of Gehenna {rPois rN+ MR+}
                  | (You found it on level 6 of the Dungeon)
  4456 | D:6      | Found a sacrificial altar of Ru.
  4571 | D:6      | Found a snail-covered altar of Cheibriados.
  4586 | D:6      | Became a worshipper of Cheibriados the Contemplative
  4675 | D:6      | Reached skill level 9 in Unarmed Combat
  4743 | D:6      | Found a stormy altar of Qazlal.
  4865 | D:6      | Found a white marble altar of Elyvilon.
  4982 | D:7      | Found an ancient bone altar of Kikubaaqudgha.
  5039 | D:7      | Reached skill level 5 in Armour
  5071 | D:7      | Found a shimmering altar of Xom.
  5073 | D:7      | Found a hazy altar of Hepliaklqana.
  5073 | D:7      | Found a deep blue altar of Sif Muna.
  5185 | D:7      | Reached * piety under Cheibriados
  5441 | D:7      | Reached skill level 10 in Unarmed Combat
  5699 | D:8      | Reached XP level 10. HP: 49/49 MP: 11/11
  5768 | D:8      | Reached ** piety under Cheibriados
  5809 | D:8      | Reached skill level 1 in Stealth
  5861 | D:8      | Reached skill level 1 in Spellcasting
  5867 | D:8      | Reached skill level 1 in Air Magic
  5950 | D:8      | Reached *** piety under Cheibriados
  5956 | D:8      | Found a burning altar of Makhleb.
  6136 | D:8      | Found a runed translucent gate.
  6137 | D:8      | Found a runed translucent gate.
  6142 | D:8      | Noticed Wired's ghost (novice GnWz)
  6153 | D:8      | Found a runed translucent gate.
  6355 | D:9      | Reached skill level 1 in Conjurations
  6368 | D:9      | Reached skill level 11 in Unarmed Combat
  6368 | D:9      | Reached skill level 1 in Poison Magic
  6392 | D:9      | Noticed Prince Ribbit
  6400 | D:9      | Killed Prince Ribbit
  6463 | D:9      | Noticed a two-headed ogre
  6472 | D:9      | Killed a two-headed ogre
  6670 | D:9      | Reached **** piety under Cheibriados
  6729 | D:9      | Noticed Joseph
  6737 | D:9      | Killed Joseph
  6740 | D:9      | Reached XP level 11. HP: 23/52 MP: 13/15
  6868 | D:9      | Learned a level 3 spell: Regeneration
  6944 | D:9      | Noticed Erolcha
  7127 | D:9      | Killed Erolcha
  7542 | D:10     | Entered Level 10 of the Dungeon
  7955 | D:10     | Found a portal to a secret trove of treasure.
  7966 | D:10     | Noticed Urug
  7974 | D:10     | Killed Urug
  8274 | D:11     | Found a staircase to the Orcish Mines.
  8277 | D:11     | Reached ***** piety under Cheibriados
  8293 | D:11     | Found a roughly hewn altar of Beogh.
  8464 | D:11     | Found a basalt altar of Yredelemnul.
  8662 | D:11     | Reached skill level 12 in Unarmed Combat
  8812 | D:12     | Found a gate leading to a gauntlet.
  8837 | Gauntlet | Entered a Gauntlet
  8837 | Gauntlet | Found a transporter.
  8878 | Gauntlet | Found a transporter.
  8879 | Gauntlet | Noticed an entropy weaver
  8880 | Gauntlet | Found a transporter.
  8880 | Gauntlet | Noticed a wolf spider
  8883 | Gauntlet | Found a transporter.
  8883 | Gauntlet | Found a transporter.
  8884 | Gauntlet | Found a transporter.
  8892 | Gauntlet | Found a transporter.
  8895 | Gauntlet | Found a transporter.
  8901 | Gauntlet | Noticed a reaper
  8919 | Gauntlet | Found a transporter.
  8919 | Gauntlet | Found a transporter.
  8919 | Gauntlet | Found a transporter.
  8919 | Gauntlet | Noticed an obsidian statue
  8927 | Gauntlet | Found a transporter.
  8932 | Gauntlet | Noticed a white ugly thing
  8941 | Gauntlet | Noticed a great orb of eyes
  8995 | Gauntlet | Noticed a large abomination
  9046 | Gauntlet | Gained mutation: You heal very quickly. [Vine Stalker
                  | growth]
  9046 | Gauntlet | Reached XP level 12. HP: 55/57 MP: 17/20
  9066 | Gauntlet | Got an opalescent robe
  9068 | Gauntlet | Got a smoking iron ring
  9070 | Gauntlet | Identified the ring "Qych" {rC+ Stlth-} (You found it in a
                  | Gauntlet)
  9082 | Gauntlet | Reached skill level 5 in Spellcasting
  9147 | Gauntlet | Got a clouded golden ring
  9171 | Gauntlet | Identified the +9 short sword "Achisust" {pierce, *Corrode
                  | rF++ MR+ Dex+2}
  9171 | Gauntlet | Noticed a minotaur
  9179 | Gauntlet | HP: 2/57 [minotaur/the +9 short sword "Achisust" {pierce,
                  | *Corrode rF++ MR+ Dex+2} (23)]
  9179 | Gauntlet | Slain by a minotaur

Levels and vault maps discovered:
D:1:      roderic_chinese_lattice_arrival, layout_loops_ring,
          minmay_stone_trees_small, minivault_11, minmay_misc_feat_rugged
D:2:      layout_rooms, first_ration
D:3:      layout_rooms, uniq_robin
D:4:      layout_loops_ring, evilmike_ruin_ashenzari
D:5:      minmay_thinvault, layout_cave_pools, minmay_temple_entry_sparse_star
D:6:      layout_basic, elyvilon_altar_3, nicolae_overflow_crystal_walls,
          old_standard_altar, serial_corexii_hall, chequers_hall_statues_wall_a,
          chequers_hall_statues_wall_a, nicolae_qazlal_eye_of_the_storm,
          uniq_grinder
D:7:      layout_basic, gammafunk_temple_overflow_forgotten,
          kiku_gazebo_pond_becter
D:8:      layout_basic, kennysheep_mini, erik_lair_island, gammafunk_ghost_split
D:9:      layout_layer_cave, uniq_prince_ribbit1, uniq_joseph, uniq_erolcha
D:10:     layout_small_grid, enter_trove_1, uniq_urug
D:11:     layout_rooms, minmay_orc_entry_temple_small, basic_altar,
          grunt_livestock, small_statue_intersection
D:12:     minmay_strange_plus, layout_basic, gauntlet_entry_generic,
          corexii_checkpoint_b
Temple:   jpeg_temple_clearing
Gauntlet: minmay_gauntlet_mixed_oops_all_seconds
          [minmay_gauntlet_arena_77_double_cross,
          nicolae_gauntlet_arena_quarters, minmay_gauntlet_arena_77_squiggly,
          gammafunk_gauntlet_arena_open, minmay_gauntlet_arena_77_fan,
          nicolae_gauntlet_swirl, gauntlet_exit_hidden_loot]

Skill      XL: |  1  2  3  4  5  6  7  8  9 10 11 12 |
---------------+-------------------------------------+-----
Shields        | 3 4 5 6 7 |  7.4
Fighting       | 3 |  3.6
Unarmed Combat | 3 4 5 6 7 10 11 12 | 12.3
Armour         | 3 4 5 6 |  6.5
Dodging        | 1 2 |  2.4
Stealth        | 1 2 |  2.0
Spellcasting   | 2 4 5 |  5.2
Air Magic      | 2 4 |  4.3
Conjurations   | 2 3 |  3.8
Poison Magic   | 2 4 |  4.6
Throwing       | |  0.7
Evocations     | |  0.3

Action                   |  1- 3 |  4- 6 |  7- 9 | 10-12 || total
-------------------------+-------+-------+-------+-------++-------
Melee: Unarmed           |   119 |   308 |   312 |   435 ||  1174
       Bite              |    39 |    89 |   113 |   236 ||   477
Throw: Javelin           |       |       |     2 |     4 ||     6
Evoke: Wand              |       |       |       |     8 ||     8
       Box of beasts     |       |       |       |     1 ||     1
  Use: Scroll            |       |     6 |     7 |    11 ||    24
       Potion            |       |       |       |     4 ||     4
 Stab: Distracted        |       |       |       |     1 ||     1
       Invisible         |       |       |       |     6 ||     6
  Eat: Chunk             |     1 |     6 |    11 |    10 ||    28
Armor: Scale mail        |    43 |    98 |    54 |       ||   195
       Plate armour      |       |       |    32 |       ||    32
       Chain mail        |       |       |    66 |   133 ||   199
       Skin              |       |       |       |    10 ||    10
Dodge: Dodged            |    19 |    80 |    66 |    98 ||   263
Block: Shield            |    49 |   117 |   148 |   281 ||   595

Table legend:
 A = Non-vault XP
 B = Vault XP
 C = Vault XP percentage of total XP
 D = Non-vault monster count
 E = Vault monster count
 F = Vault count percentage of total count
                 A         B        C        D         E       F
            +---------+---------+-------+---------+---------+-------
      Total |   12864 |    7420 |  36.6 |     271 |      59 |  17.9
            +---------+---------+-------+---------+---------+-------
        D:1 |      57 |       0 |   0.0 |      26 |       0 |   0.0
        D:2 |      84 |       0 |   0.0 |      22 |       0 |   0.0
        D:3 |     131 |      30 |  18.6 |      24 |      11 |  31.4
        D:4 |     430 |       0 |   0.0 |      20 |       0 |   0.0
        D:5 |     748 |     675 |  47.4 |      18 |      12 |  40.0
        D:6 |     866 |     272 |  23.9 |      22 |       1 |   4.3
        D:7 |     934 |       0 |   0.0 |      18 |       0 |   0.0
        D:8 |    1816 |     639 |  26.0 |      44 |       8 |  15.4
        D:9 |    3219 |    1722 |  34.9 |      28 |       3 |   9.7
       D:10 |    2384 |     847 |  26.2 |      16 |       1 |   5.9
       D:11 |    1794 |    1270 |  41.4 |      27 |      14 |  34.1
       D:12 |     401 |       0 |   0.0 |       6 |       0 |   0.0
   Gauntlet |       0 |    1965 | 100.0 |       0 |       9 | 100.0
            +---------+---------+-------+---------+---------+-------
